 Dungeon Crawl Stone Soup version 0.31-a0-986-g5e6e4ef867 (webtiles) character file.

Game seed: 8589365914179337140

57 lunkers the Insei (level 4, -1/35 HPs)
             Began as a Meteoran Shapeshifter on Nov 20, 2023.
             Slain by an orc
             ... wielding a +0 trident
              (6 damage)
             ... on level 2 of the Dungeon.
             The game lasted 00:00:58 (448 turns).

lunkers the Insei (Meteoran Shapeshifter)            Turns: 448, Time: 00:00:58

Health: -1/35      AC:  8    Str: 15    XL:     4   Next: 41%
Magic:  5/5        EV:  7    Int: 12    God:
Gold:   34         SH:  0    Dex: 15    Spells: 3/3 levels left

rFire   . .          .
                       - Unarmed
rCold   . . .        (no shield)
rNeg    . . .        g - +0 chain mail
rPois   .            (helmet currently unavailable)
rElec   .            (cloak currently unavailable)
rCorr   .            (gloves currently unavailable)
SInv    .            (boots currently unavailable)
Will    +....        (no amulet) Stlth
                     l - ring of willpower
HPRegen 0.25/turn    (no ring)
MPRegen 0.09/turn

%: no passive effects
@: beast-form, glowing
A: beast (slay +2), sense surroundings 1, otherworldly, glowing, explore regen
a: Begin Untransformation


You were on level 2 of the Dungeon.
You were a hulking beast.
You visited 1 branch of the dungeon, and saw 2 of its levels.

You collected 34 gold pieces.

Inventory:

Armour
 a - a +0 animal skin
 g - a +0 chain mail (worn)
Jewellery
 l - a ring of willpower (left hand)
Talismans
 c - a beast talisman
 d - a flux talisman
Scrolls
 e - 2 scrolls of blinking {unknown}
 h - a scroll of identify {unknown}
 i - a scroll of immolation {unknown}
 j - a scroll of acquirement {unknown}
 n - a scroll of poison {unknown}
Potions
 b - a potion of lignification
 f - a potion of heal wounds {unknown}
 k - a potion of mutation {unknown}
 m - a potion of ambrosia {unknown}


   Skills:
 - Level 1.1 Fighting
 - Level 2.1 Dodging
 * Level 5.1 Unarmed Combat
 + Level 4.3 Shapeshifting


You had 3 spell levels left.
You didn't know any spells.
Your spell library contained the following spells:

 Spells                   Type           Power      Damage    Failure   Level
 Chain Lightning          Conj/Air       0%         N/A       100%        9
 Fire Storm               Conj/Fire      0%         5d1       100%        9
 Shatter                  Erth           0%         3d5*      100%        9


Dungeon Overview and Level Annotations

Branches:
Dungeon (2/15) Zot: 756

Altars:


Innate Abilities, Weirdness & Mutations

You are a hulking beast.
Your limbs bulge with bestial killing power. (Slay +2)
You passively map a small area around you.
You are easily found by Zot.
You glow in the dark.
You regain HP and MP as you explore.


Message History

The adder is almost dead.
You feel sick.
You are no longer poisoned.
The adder bites you but does no damage.
Unknown command.
You closely miss the adder.
The adder is almost dead.
The adder bites you but does no damage.
Unknown command.
You barely miss the adder.
The adder is almost dead.
The adder barely misses you. The adder bites you.
* * * LOW HITPOINT WARNING * * *
You are poisoned.
The adder poisons you!
Unknown command.
You hit the adder.
You kill the adder!
You feel sick.
Your Shapeshifting skill increases to level 4!
Unknown command.
Unknown command.
You barely miss the orc.
The orc is almost dead.
You feel sick.
Unknown command.
Unknown command.
You hit the orc.
You kill the orc!
You feel sick. The orc closely misses you.
Unknown command.
You punch the orc priest!
You kill the orc priest!
You feel sick.
You are no longer poisoned.
The orc barely misses you.
Your Unarmed Combat skill increases to level 5!
You have reached level 4!
The orc hits you with a +0 trident.
You die...

#...##....#.......#
#.#.##....#.#.....#
#.#..'....'.#.##..#
#.####....###.#...####
#.####....# #.#..#...#
#.....##### #.#....#.#
#####.# #.#....#.#
#<...# #.###....#
*###### #...h##### *
####o# , * * #.# ,, ,
.># * * * ### , ** * *
,


You could see an orc.

Vanquished Creatures
  An orc priest (D:2)
  An adder (D:2)
  An orc (D:2)
  3 endoplasms (D:1)
  2 giant cockroaches (D:1)
  3 goblins (D:1)
  A hobgoblin (D:1)
  A kobold (D:1)
  A ball python (D:1)
  A bat (D:1)
  A frilled lizard (D:1)
  2 rats (D:1)
18 creatures vanquished.

Notes
Turn   | Place    | Note
-------+----------+-------------------------------------------
     0 | D:1      | lunkers the Meteoran Shapeshifter began the quest for the
                  | Orb.
     0 | D:1      | Reached XP level 1. HP: 16/16 MP: 2/2
    98 | D:1      | Reached skill level 4 in Unarmed Combat
    98 | D:1      | Reached XP level 2. HP: 16/23 MP: 3/3
   326 | D:1      | Reached XP level 3. HP: 27/28 MP: 4/4
   448 | D:2      | Reached skill level 5 in Unarmed Combat
   448 | D:2      | Reached XP level 4. HP: 4/35 MP: 5/5
   448 | D:2      | Slain by an orc

Illustrated notes

Levels and vault maps discovered:
D:1:      giann_wishing_wells, layout_basic, serial_curves, eino_curves_03,
          eino_curves_02, kennysheep_pointless_box, minmay_tromino_v4_a
D:2:      layout_basic, kennysheep_another_room

Skill      XL: |  1  2  3 |
---------------+----------+-----
Unarmed Combat | 4 5 |  5.1
Shapeshifting  | 4 |  4.3
Fighting       | |  1.1
Dodging        | |  2.1

Action                     |  1- 3 |  4- 6 || total
---------------------------+-------+-------++-------
  Melee: Unarmed           |    63 |       ||    63
         Punch             |     2 |       ||     2
 Armour: Animal skin       |     2 |       ||     2
         Chain mail        |    32 |     1 ||    33
  Dodge: Dodged            |    23 |       ||    23

Table legend: (Time is in decaauts)
 A = Elapsed time spent in this place.
 B = Non-inter-level travel time spent in this place.
 C = Inter-level travel time spent in this place.
 D = Time resting spent in this place.
 E = Time spent auto-exploring this place.
 F = Levels seen in this place.
 G = Mean time per level.
                   A        B        C        D        E       F      G
               +--------+--------+--------+--------+--------+-----+--------+
         Total |    442 |    442 |      0 |      0 |    296 |   2 |  221.0 |
       Dungeon |    442 |    442 |      0 |      0 |    296 |   2 |  221.0 |
               +--------+--------+--------+--------+--------+-----+--------+

Top non-repeatable levels by time:
     D:1: 374 daAuts
     D:2: 67 daAuts
